 Dungeon Crawl Stone Soup version 0.21.0-3-g78d12a8 (webtiles) character file.

298 Flooderbenga the Vexing (level 6, -5/30 HPs)
             Began as a Vine Stalker Arcane Marksman on Jan 8, 2018.
             Was an Initiate of Gozag.
             Slain by an iguana (9 damage)
             ... on level 4 of the Dungeon.
             The game lasted 00:25:16 (4096 turns).

Flooderbenga the Vexing (VSAM)                      Turns: 4096, Time: 00:25:17

Health: -5/30      AC:  3    Str: 13      XL:     6   Next: 35%
Magic:  0/10       EV: 13    Int: 13      God:    Gozag
Gold:   250        SH:  0    Dex: 13 (16) Spells: 7/10 levels left

rFire    + . .     SeeInvis .   a - +0 hand crossbow
rCold    . . .     Gourm    .   (no shield)
rNeg     . . .     Faith    .   e - +0 robe
rPois    .         Spirit   +   H - +0 helmet
rElec    .         Reflect  .   (no cloak)
rCorr    .         Harm     +   (no gloves)
MR       .....                  (no boots)
Stlth    ++........             I - amulet of harm
HPRegen  0.50/turn              A - ring of protection from fire
MPRegen  0.12/turn              (no ring)

@: no status effects
A: fangs 2, regeneration 1, magic shield, antimagic bite, no potion heal 3, rot
immunity
a: Potion Petition, Call Merchant, Bribe Branch, Renounce Religion


You were on level 4 of the Dungeon.
You worshipped Gozag.
Gozag was aware of your devotion.
You were not hungry.

You visited 2 branches of the dungeon, and saw 6 of its levels.

You collected 321 gold pieces.
You paid 71 gold pieces to Gozag.

Inventory:

Hand Weapons
 a - a +0 hand crossbow (weapon)
 b - a +0 dagger
 x - a +1 hunting sling of freezing
 G - a +0 short sword of venom
Missiles
 d - 14 bolts (quivered)
 l - 106 arrows
 t - 229 stones
 w - 37 poisoned needles
 B - 6 needles of paralysis
Armour
 e - a +0 robe (worn)
 j - a +0 ring mail
 H - a +0 helmet (worn)
Jewellery
 A - a ring of protection from fire (left hand)
 I - an amulet of harm (around neck)
Wands
 o - a wand of flame (30)
 E - a wand of clouds (4)
Scrolls
 g - 4 scrolls of remove curse {unknown}
 m - 3 scrolls of identify {unknown}
 p - 5 scrolls of teleportation {unknown}
 s - a scroll of fear {unknown}
 v - 2 scrolls of amnesia {unknown}
 y - a scroll of immolation {unknown}
 C - a scroll of enchant armour {unknown}
 F - a scroll of enchant weapon {unknown}
Potions
 h - a potion of agility {unknown}
 i - a potion of ambrosia {unknown}
 k - a potion of berserk rage {unknown}
 n - a potion of brilliance {unknown}
 q - 3 potions of haste {unknown}
 r - 2 potions of curing {unknown}
 u - 2 potions of lignification {unknown}
 z - 2 potions of flight {unknown}
 D - a potion of mutation {unknown}
Books
 c - a book of Debilitation

   Spells                             Type                      Level
   a - Corona                         Hexes                        1
   b - Slow                           Hexes                        2
   c - Inner Flame                    Hexes/Fire                   3
   d - Portal Projectile              Hexes/Translocation          3
   e - Cause Fear                     Hexes                        4
   f - Leda's Liquefaction            Hexes/Earth                  4
Comestibles
 f - 7 rations


   Skills:
 + Level 2.2 Fighting
 * Level 3.4 Crossbows
 + Level 2.4 Dodging
 + Level 2.0 Stealth
 + Level 2.5 Spellcasting
 + Level 3.9 Hexes


You had 7 spell levels left.
You knew the following spells:

 Your Spells              Type           Power        Failure   Level  Hunger
a - Corona                Hex            ##.....      4%          1    #......
b - Slow                  Hex            ##......     7%          2    ###....


Dungeon Overview and Level Annotations

Branches:
Dungeon (5/15)             Temple (1/1) D:5

Altars:
Cheibriados
Elyvilon
Fedhas
Gozag
Kikubaaqudgha
Makhleb
Nemelex Xobeh
Okawaru
Ru
Sif Muna
Trog
Uskayaw
Vehumet
Wu Jian
Xom
Yredelemnul
Zin
The Shining One


Innate Abilities, Weirdness & Mutations

You have extremely sharp teeth.
Your natural rate of healing is unusually fast.
When hurt, damage is shared between your health and your magic reserves.
Your bite disrupts and absorbs the magic of your enemies.
Potions cannot restore your health.
You are immune to rotting.


Message History

Aim: an iguana (severely wounded)
You shoot a bolt. The bolt barely misses the iguana.
The iguana hisses menacingly.
The iguana bites you!
The iguana bites you but does no damage.
You take 12 damage, and have 16/30 hp.
MASSIVE DAMAGE!!
You now have 5/10 mp.
Aim: an iguana (severely wounded)
You shoot a bolt. The bolt barely misses the iguana.
The iguana bites you.
You take 2 damage, and have 14/30 hp.
You now have 4/10 mp.
You are too injured to fight recklessly!
Aim: an iguana (severely wounded)
You shoot a bolt. The bolt hits the iguana.
The iguana bites you!
* * * LOW HITPOINT WARNING * * *
You take 5 damage, and have 9/30 hp.
You now have 3/10 mp.
Aim: an iguana (severely wounded)
You shoot a bolt. The bolt barely misses the iguana.
The iguana bites you.
* * * LOW HITPOINT WARNING * * *
The iguana bites you!
You die...
Your body crumbles into a pile of gold.

.....#....#......#
###..##.###......#
###.#.....##.# ##..
..#.....#.... ....
..#.....#......(..
..#.....#..# .(...
## #.....#..#.(....
.# #....##..#(...#
.# #....#..@l...(#.
.# #....#...#......
.##
###.>..##'##......
..#
#............##### $
..# +..<.........#
..# #............#
..# #............#
..#####...[........#
##.....#####......##


You could see an iguana.

Vanquished Creatures
  A bullfrog zombie (D:5)
  A quasit (D:5)
  An orc priest (D:5)
  An orc wizard (D:4)
  4 gnolls (D:4)
  8 adders
  2 oozes (D:5)
  2 worms
  A dart slug (D:2)
  A leopard gecko (D:3)
  6 orcs
  A giant cockroach (D:2)
  4 goblins
  3 hobgoblins
  2 kobolds (D:3)
  A ball python (D:1)
  5 bats
  8 frilled lizards
  A jackal zombie (D:5)
  2 leopard gecko zombies (D:5)
  8 rats
  A fungus (D:1)
64 creatures vanquished.

Notes
Turn   | Place    | Note
-------+----------+-------------------------------------------
     0 | D:1      | Flooderbenga the Vine Stalker Arcane Marksman began the quest for the Orb.
     0 | D:1      | Reached XP level 1. HP: 9/9 MP: 3/3
   488 | D:1      | You fall through a shaft!
   525 | D:2      | Reached skill level 1 in Fighting
   525 | D:2      | Reached XP level 2. HP: 14/14 MP: 4/4
   529 | D:2      | Learned a level 2 spell: Slow
   972 | D:1      | Reached XP level 3. HP: 15/18 MP: 4/6
  2369 | D:3      | Gained mutation: Your natural rate of healing is unusually fast. [Vine Stalker growth]
  2369 | D:3      | Reached XP level 4. HP: 18/22 MP: 4/7
  2424 | D:3      | Found a shimmering altar of Xom.
  2870 | D:4      | Reached XP level 5. HP: 26/26 MP: 7/9
  2985 | D:4      | You fall through a shaft!
  2985 | D:5      | Entered Level 5 of the Dungeon
  3035 | D:5      | Found an opulent altar of Gozag.
  3050 | D:5      | Became a worshipper of Gozag Ym Sagoz the Greedy
  3180 | D:5      | Reached skill level 1 in Stealth
  3341 | D:5      | Found a staircase to the Ecumenical Temple.
  3353 | Temple   | Entered the Ecumenical Temple
  3587 | D:5      | Found an ancient bone altar of Kikubaaqudgha.
  3674 | D:5      | Reached XP level 6. HP: 17/30 MP: 3/10
  4096 | D:4      | Slain by an iguana

Skill      XL: |  1  2  3  4  5  6 |
---------------+-------------------+-----
Fighting       | 1 2 |  2.2
Crossbows      | 2 3 |  3.4
Dodging        | 2 |  2.4
Spellcasting   | 2 |  2.5
Stealth        | 1 2 |  2.0
Hexes          | |  3.9

Action                   |  1- 3 |  4- 6 || total
-------------------------+-------+-------++-------
Melee: Unarmed           |    12 |       ||    12
       Bite              |    24 |     5 ||    29
       Dagger            |    78 |    20 ||    98
 Fire: Hand crossbow     |    35 |   115 ||   150
 Cast: Corona            |     7 |    10 ||    17
       Slow              |     5 |     1 ||     6
  Eat: Chunk             |     5 |     3 ||     8
       Ration            |       |     1 ||     1
Armor: Robe              |    14 |    12 ||    26
Dodge: Dodged            |    57 |    50 ||   107
